 Dungeon Crawl Stone Soup version 0.22.0-36-g8e74550 (webtiles) character file.

1696 Lew the Skirmisher (level 9, -4/72 HPs)
             Began as a Gnoll Abyssal Knight on Aug 24, 2018.
             Was an Elder of Lugonu.
             Slain by an orc warrior
             ... wielding a +0 battleaxe
              (10 damage)
             ... on level 6 of the Dungeon.
             The game lasted 00:18:42 (6803 turns).

Lew the Skirmisher (Gnoll Abyssal Knight)           Turns: 6803, Time: 00:18:42

Health: -4/72      AC:  8    Str: 18    XL:     9   Next: 3%
Magic:  14/14      EV: 13    Int: 14    God:    Lugonu [****..]
Gold:   653        SH:  0    Dex: 15    Spells: 15/15 levels left

rFire    . . .     SeeInvis .   C - +0 trident (vamp)
rCold    . . .     Gourm    .   (no shield)
rNeg     . . .     Faith    .   l - +0 ring mail
rPois    .         Spirit   .   (no helmet)
rElec    .         Reflect  .   e - +0 cloak
rCorr    .         Harm     .   w - +0 pair of gloves
MR       ++...                  (no boots)
Stlth    ++........             j - amulet of the acrobat
HPRegen  0.22/turn              i - ring of protection from magic
MPRegen  0.14/turn              b - ring of protection from magic

@: no status effects
A: distributed training, fangs 1, strong nose
a: Depart the Abyss, Bend Space, Banish, Corrupt, Renounce Religion


You were on level 6 of the Dungeon.
You worshipped Lugonu.
Lugonu was greatly pleased with you.
You were not hungry.

You visited 2 branches of the dungeon, and saw 7 of its levels.
You visited the Abyss 1 time.
You also visited: Sewer and Ossuary.

You collected 653 gold pieces.

Inventory:

Hand Weapons
 a - a +1 hand axe
 m - a +2 short sword of venom
 y - a +0 flail of holy wrath
 C - a +0 vampiric trident (weapon)
 D - a +0 scimitar
Armour
 e - a +0 cloak (worn)
 l - a +0 ring mail (worn)
 w - a +0 pair of gloves (worn)
Jewellery
 b - a ring of protection from magic (right hand)
 i - a ring of protection from magic (left hand)
 j - an amulet of the acrobat (around neck)
 n - an uncursed ring of protection from fire
 r - an uncursed ring of flight
 z - an uncursed amulet of the gourmand
 E - an uncursed ring of wizardry
Wands
 q - a wand of random effects (17)
 x - a wand of paralysis (16)
Scrolls
 d - 7 scrolls of remove curse
 h - 2 scrolls of enchant armour
 s - a scroll of teleportation
 t - a scroll of identify
Potions
 g - a potion of cancellation {unknown}
 k - a potion of agility {unknown}
 o - 4 potions of flight
 p - 3 potions of curing
 u - 4 potions of haste
 v - a potion of might {unknown}
 A - 2 potions of brilliance
 B - a potion of resistance
Miscellaneous
 f - a phantom mirror
Comestibles
 c - 2 rations


   Skills:
 + Level 7.6 Fighting
 + Level 3.7 Short Blades
 + Level 3.7 Long Blades
 + Level 6.0 Axes
 + Level 3.7 Maces & Flails
 + Level 3.7 Polearms
 + Level 3.7 Staves
 + Level 3.7 Slings
 + Level 3.7 Bows
 + Level 3.7 Crossbows
 + Level 3.7 Throwing
 + Level 6.0 Armour
 + Level 4.6 Dodging
 + Level 3.7 Stealth
 + Level 3.7 Shields
 + Level 3.7 Unarmed Combat
 + Level 3.7 Spellcasting
 + Level 3.0 Conjurations
 + Level 3.0 Hexes
 + Level 3.0 Charms
 + Level 3.0 Summonings
 + Level 3.0 Necromancy
 + Level 3.0 Translocations
 + Level 3.0 Transmutations
 + Level 3.0 Fire Magic
 + Level 3.0 Ice Magic
 + Level 3.0 Air Magic
 + Level 3.0 Earth Magic
 + Level 3.0 Poison Magic
 + Level 6.2 Invocations
 + Level 3.7 Evocations


You had 15 spell levels left.
You didn't know any spells.
Your spell library contained the following spells:

 Spells                   Type           Power        Failure   Level  Hunger
 Corona                   Hex            ##.....      10%         1    None
 Ensorcelled Hibernation  Hex/Ice        ##....       14%         2    ##.....
 Confuse                  Hex            ##......     28%         3    ###....
 Dazzling Spray           Conj/Hex       ##....       28%         3    ###....
 Tukima's Dance           Hex            ##......     28%         3    ###....


Dungeon Overview and Level Annotations

Branches:
Dungeon (6/15)             Temple (1/1) D:5

Altars:
Ashenzari
Dithmenos
Elyvilon
Fedhas
Gozag
Hepliaklqana
Kikubaaqudgha
Makhleb
Okawaru
Qazlal
Ru
Sif Muna
Trog
Vehumet
Wu Jian
Xom
Yredelemnul
The Shining One


Innate Abilities, Weirdness & Mutations

Your experience applies equally to all skills.
You have very sharp teeth.
Your uncanny sense of smell can sniff out nearby items.


Message History

The orc hits you but does no damage.
The jackal barks!
You puncture the orc!
You feel better.
You kill the orc!
Lugonu accepts your kill. The orc wizard closely misses you.
The orc warrior barely misses you.
The orc hits you from afar with a trident.
You hit the orc warrior but do no damage.
The orc wizard barely misses you.
The orc hits you from afar with a trident.
You hit the orc warrior but do no damage.
The orc warrior hits you with a battleaxe!
* * * LOW HITPOINT WARNING * * *
The orc wizard hits you but does no damage.
The orc completely misses you.
You hit the orc warrior but do no damage.
The orc wizard hits you with a dagger.
* * * LOW HITPOINT WARNING * * *
The orc warrior hits you with a battleaxe!
You die...

*..........##.....##.............
+.............._.................
*.......#[†##......#..##.##<.....
#########.)##.....##..##.##....##
......[....###.'####.....##....#*
.#######...###..####..#..##..h.+,
.# ##.............#..##....#* .#
#.............#..##....#* ##
#..)...o@.h......#*,,,,**
########o######..#*,,,,**
*...$....o...#*#.#*,,,,**
*............#**..#,*+***
*..........[.+,,,...*,* *
*............#***,.##,* *
*............# **.#*,* ##
*............# *,,*,* .#
*.........[..#*****,*,***


You could see an orc warrior, an orc wizard, an orc and a jackal.

Vanquished Creatures
  The ghost of Rayvis the Chopper, an amateur MiFi (D:3)
  Menkaure (D:5)
  A sky beast (D:4)
  A phantom (D:4)
  2 ogres
  2 scorpions
  3 howler monkeys
  A bullfrog skeleton (D:5)
  6 orc wizards
  2 orc priests
  A hound (D:4)
  Ijyb (D:5)
  2 iguanas
  2 worker ants
  8 mummies (Ossuary)
  3 gnolls (D:3)
  8 adders
  6 river rats
  2 shadow imps
  An ooze (D:1)
  An adder skeleton (D:5)
  An adder zombie (D:6)
  5 worms (D:3)
  2 dart slugs
  A leopard gecko (D:5)
  22 orcs
  3 ball pythons
  4 giant cockroaches
  4 goblins
  3 hobgoblins
  12 jackals
  11 kobolds
  2 quokkas
  5 bats
  12 frilled lizards
  2 gnoll zombies (Ossuary)
  A goblin skeleton (D:6)
  3 hobgoblin zombies
  A kobold skeleton (D:6)
  3 kobold zombies
  An orc skeleton (D:6)
  4 orc zombies
  13 rats
170 creatures vanquished.

Notes
Turn   | Place    | Note
-------+----------+-------------------------------------------
     0 | Abyss:1  | Lew the Gnoll Abyssal Knight began the quest for the Orb.
     0 | Abyss:1  | Reached XP level 1. HP: 23/23 MP: 3/3
   169 | Abyss:1  | Found a corrupted altar of Lugonu.
   235 | Abyss:2  | Noticed a shadow demon
   261 | Abyss:2  | Noticed a small abomination
   262 | Abyss:2  | Noticed a small abomination
   265 | Abyss:2  | Noticed a spatial vortex
   266 | Abyss:2  | Noticed a spatial vortex
   269 | Abyss:2  | Noticed an orange demon
   269 | Abyss:2  | Noticed a sixfirhy
   270 | Abyss:2  | Noticed an efreet
   271 | Abyss:2  | Noticed an orange demon
   271 | Abyss:2  | Noticed a rust devil
   275 | Abyss:2  | Noticed a wretched star
   277 | D:1      | Escaped the Abyss
   437 | D:1      | Reached XP level 2. HP: 29/29 MP: 5/5
   763 | D:1      | Reached * piety under Lugonu
   765 | D:1      | Reached XP level 3. HP: 21/35 MP: 6/6
  1101 | D:2      | Reached skill level 1 in Short Blades
  1101 | D:2      | Reached skill level 1 in Long Blades
  1101 | D:2      | Reached skill level 1 in Maces & Flails
  1101 | D:2      | Reached skill level 1 in Polearms
  1101 | D:2      | Reached skill level 1 in Staves
  1101 | D:2      | Reached skill level 1 in Slings
  1101 | D:2      | Reached skill level 1 in Bows
  1101 | D:2      | Reached skill level 1 in Crossbows
  1101 | D:2      | Reached skill level 1 in Throwing
  1101 | D:2      | Reached skill level 1 in Stealth
  1101 | D:2      | Reached skill level 1 in Shields
  1101 | D:2      | Reached skill level 1 in Unarmed Combat
  1101 | D:2      | Reached skill level 1 in Spellcasting
  1101 | D:2      | Reached skill level 1 in Evocations
  1101 | D:2      | Reached XP level 4. HP: 5/41 MP: 7/7
  1432 | D:2      | Found a shattered altar of Ashenzari.
  1580 | D:2      | Reached skill level 1 in Conjurations
  1580 | D:2      | Reached skill level 1 in Hexes
  1580 | D:2      | Reached skill level 1 in Charms
  1580 | D:2      | Reached skill level 1 in Summonings
  1580 | D:2      | Reached skill level 1 in Necromancy
  1580 | D:2      | Reached skill level 1 in Translocations
  1580 | D:2      | Reached skill level 1 in Transmutations
  1580 | D:2      | Reached skill level 1 in Fire Magic
  1580 | D:2      | Reached skill level 1 in Ice Magic
  1580 | D:2      | Reached skill level 1 in Air Magic
  1580 | D:2      | Reached skill level 1 in Earth Magic
  1580 | D:2      | Reached skill level 1 in Poison Magic
  1856 | D:3      | Reached XP level 5. HP: 28/47 MP: 8/8
  1975 | D:3      | Found a runed gate.
  1977 | D:3      | Found a runed gate.
  1979 | D:3      | Noticed Rayvis's ghost (amateur MiFi)
  1992 | D:3      | Found a runed gate.
  2137 | D:3      | Found a shadowy altar of Dithmenos.
  2422 | D:3      | Reached ** piety under Lugonu
  2451 | D:3      | Reached skill level 5 in Invocations
  2451 | D:3      | Reached XP level 6. HP: 49/53 MP: 9/9
  2487 | D:3      | Found a glowing drain.
  2501 | Sewer    | Entered a sewer
  2963 | Sewer    | Reached skill level 5 in Axes
  2963 | Sewer    | Reached skill level 5 in Armour
  3141 | D:3      | Killed Rayvis's ghost
  3141 | D:3      | Reached XP level 7. HP: 59/59 MP: 10/10
  3296 | D:4      | Reached *** piety under Lugonu
  3344 | D:4      | Reached skill level 7 in Fighting
  4091 | D:4      | Reached XP level 8. HP: 29/67 MP: 12/12
  4554 | D:5      | Entered Level 5 of the Dungeon
  4571 | D:5      | Found a staircase to the Ecumenical Temple.
  4615 | D:5      | Noticed Ijyb
  4623 | D:5      | Killed Ijyb
  4711 | D:5      | Noticed Menkaure
  4723 | D:5      | Killed Menkaure
  5155 | D:5      | Found an ornate altar of the Wu Jian Council.
  5239 | D:5      | Found a sacrificial altar of Ru.
  5364 | D:5      | Found an opulent altar of Gozag.
  5530 | Temple   | Entered the Ecumenical Temple
  6083 | D:6      | Found a glowing golden altar of the Shining One.
  6169 | D:6      | Found a sand-covered staircase.
  6196 | Ossuary  | Entered an ossuary
  6204 | Ossuary  | Reached **** piety under Lugonu
  6604 | Ossuary  | Reached XP level 9. HP: 69/72 MP: 14/14
  6803 | D:6      | Slain by an orc warrior

Skill      XL: |  1  2  3  4  5  6  7  8  9 |
---------------+----------------------------+-----
Short Blades   | 1 2 3 |  3.7
Long Blades    | 1 2 3 |  3.7
Maces & Flails | 1 2 3 |  3.7
Polearms       | 1 2 3 |  3.7
Staves         | 1 2 3 |  3.7
Slings         | 1 2 3 |  3.7
Bows           | 1 2 3 |  3.7
Crossbows      | 1 2 3 |  3.7
Throwing       | 1 2 3 |  3.7
Stealth        | 1 2 3 |  3.7
Shields        | 1 2 3 |  3.7
Unarmed Combat | 1 2 3 |  3.7
Spellcasting   | 1 2 3 |  3.7
Evocations     | 1 2 3 |  3.7
Conjurations   | 1 2 3 |  3.0
Hexes          | 1 2 3 |  3.0
Charms         | 1 2 3 |  3.0
Summonings     | 1 2 3 |  3.0
Necromancy     | 1 2 3 |  3.0
Translocations | 1 2 3 |  3.0
Transmutations | 1 2 3 |  3.0
Fire Magic     | 1 2 3 |  3.0
Ice Magic      | 1 2 3 |  3.0
Air Magic      | 1 2 3 |  3.0
Earth Magic    | 1 2 3 |  3.0
Poison Magic   | 1 2 3 |  3.0
Dodging        | 3 4 |  4.6
Invocations    | 5 6 |  6.2
Axes           | 5 6 |  6.0
Armour         | 5 6 |  6.0
Fighting       | 7 |  7.6

Action                   |  1- 3 |  4- 6 |  7- 9 || total
-------------------------+-------+-------+-------++-------
Melee: Hand axe          |    62 |    38 |       ||   100
       Bite              |     3 |    20 |    60 ||    83
       Short sword       |       |   167 |   184 ||   351
       Punch             |       |       |     3 ||     3
       Trident           |       |       |   149 ||   149
       Scimitar          |       |       |    37 ||    37
       Flail             |       |       |    21 ||    21
Invok: Depart the Abyss  |     1 |       |       ||     1
  Use: Scroll            |     3 |     4 |     8 ||    15
       Potion            |     3 |     1 |    11 ||    15
 Stab: Sleeping          |     1 |     5 |     1 ||     7
  Eat: Chunk             |       |     3 |     5 ||     8
       Ration            |       |     2 |     4 ||     6
Armor: Leather armour    |    19 |       |       ||    19
       Ring mail         |     8 |    60 |   109 ||   177
Dodge: Dodged            |    44 |   143 |   257 ||   444
       Rpst.: Scimitar   |       |       |     4 ||     4
